 Dungeon Crawl Stone Soup version 0.18-a0-1211-g828307d (webtiles) character file.

224 corax the Vandal (level 6, -4/39 HPs)
             Began as an Octopode Hunter on Feb 2, 2016.
             Shot with an arrow by a centaur (13 damage)
             ... on level 4 of the Dungeon.
             The game lasted 00:13:44 (3225 turns).

corax the Vandal (Octopode Hunter)                  Turns: 3225, Time: 00:13:44

Health: -4/39      AC:  1    Str: 12    XL:     6   Next: 0%
Magic:  15/15      EV: 13    Int: 13    God:
Gold:   225        SH:  0    Dex: 14    Spells: 0 memorised, 5 levels left

rFire  + . .     SeeInvis .     a - +1 hunting sling
rCold  x . .     Gourm    .     (no shield)
rNeg   . . .     Faith    .     (helmet restricted)
rPois  .         Spirit   .     h - amulet of dismissal
rElec  .         Dismiss  +     B - ring of fire
rCorr  .         Reflect  .     g - ring of magical power
SustAt .         Harm     .     (no ring)
MR     .....                    (no ring)
Stlth  ++++......               (no ring)
                                (no ring)
                                (no ring)
                                (no ring)

@: not resistant to hostile enchantments, stealthy
A: almost no armour, amphibious, 8 rings, constrict 8, camouflage 1, gelatinous
body 1
a: no special abilities


You were on level 4 of the Dungeon.
You were not hungry.

You visited 1 branch of the dungeon, and saw 6 of its levels.

You collected 225 gold pieces.

Inventory:

Hand Weapons
 a - a +1 hunting sling (weapon)
 b - a +0 short sword
Missiles
 c - 83 sling bullets (quivered)
 i - 16 arrows of dispersal
 n - 90 stones
 t - 53 arrows
 w - 5 tomahawks
 x - 13 poisoned bolts
Jewellery
 g - a ring of magical power (right tentacle)
 h - an amulet of dismissal (around mantle)
 B - a ring of fire (left tentacle)
Wands
 q - a wand of polymorph (3/24)
Scrolls
 k - a scroll of enchant weapon {unknown}
 o - a scroll of immolation {unknown}
 p - a scroll of fog
 r - 4 scrolls of teleportation
 s - a scroll of random uselessness {unknown}
 u - a scroll of fear {unknown}
 v - a scroll of identify
 y - a scroll of enchant armour {unknown}
 C - a scroll of amnesia {unknown}
Potions
 e - 3 potions of cancellation {unknown}
 f - 4 potions of haste
 j - a potion of agility
 l - a potion of brilliance
 z - a potion of flight {unknown}
 A - a potion of heal wounds {unknown}
 D - a potion of curing {unknown}
Comestibles
 d - 2 bread rations
 m - 3 meat rations
 E - a chunk of flesh


   Skills:
 + Level 2.2 Fighting
 + Level 0.6 Short Blades
 + Level 5.8 Slings
 + Level 0.4(3.6) Throwing
 + Level 3.0 Dodging
 + Level 3.7 Stealth


You had 5 spell levels left.
You didn't know any spells.

Dungeon Overview and Level Annotations

Branches:
Dungeon (6/15)
 Temple: D:4-7

Altars:
Dithmenos
Elyvilon
Fedhas
Kikubaaqudgha
Nemelex Xobeh
Pakellas
Zin

Annotations:
D:6 Prince Ribbit


Innate Abilities, Weirdness & Mutations

You cannot wear most types of armour.
You are amphibious.
You can wear up to eight rings at the same time.
You can use your tentacles to constrict eight enemies at once.
Your skin changes colour to match your surroundings (Stealth).
Your rubbery body absorbs attacks (AC +1).


Message History

Firing (i - inventory. (,) - cycle):
c - 86 sling bullets (quivered)
Press: ? - help, Shift-Dir - straight line, f/p - centaur
Aim: a centaur, wielding a shortbow (severely wounded)
You shoot a sling bullet. The sling bullet hits the centaur.
The centaur is almost dead.
The centaur shoots an arrow.
The arrow misses you.
Firing (i - inventory. (,) - cycle):
c - 85 sling bullets (quivered)
Press: ? - help, Shift-Dir - straight line, f/p - centaur
Aim: a centaur, wielding a shortbow (almost dead)
You shoot a sling bullet. The sling bullet hits the centaur.
The centaur is almost dead.
The centaur shoots an arrow.
The arrow hits you!!
* * * LOW HITPOINT WARNING * * *
Firing (i - inventory. (,) - cycle):
c - 84 sling bullets (quivered)
Press: ? - help, Shift-Dir - straight line, f/p - centaur
Aim: a centaur, wielding a shortbow (almost dead)
You shoot a sling bullet. The sling bullet hits the centaur.
The centaur is almost dead.
The centaur shoots an arrow.
The arrow hits you!
You die...

#.######.#
#.# #.# #.#
#.######.#
#........#
#######..#
#..# #(@#
#...# #......
..(.(.....
####......c((
##########


You could see a centaur.

Vanquished Creatures
  A crimson imp (D:5)
  Ijyb (D:2)
  A giant frog skeleton (D:5)
  3 adders (D:3)
  2 oozes
  A worm (D:2)
  3 giant geckos
  8 orcs
  5 giant cockroaches
  6 hobgoblins
  17 jackals
  5 kobolds
  4 quokkas
  A ball python (D:2)
  6 bats
  A giant newt (D:5)
  7 goblins
  2 jackal skeletons (D:4)
  A quokka skeleton (D:4)
  A quokka zombie (D:5)
  7 rats
83 creatures vanquished.

Notes
Turn   | Place    | Note
--------------------------------------------------------------
     0 | D:1      | corax the Octopode Hunter began the quest for the Orb.
     0 | D:1      | Reached XP level 1. HP: 14/14 MP: 1/1
   186 | D:1      | Reached XP level 2. HP: 6/19 MP: 2/2
  1009 | D:2      | Reached XP level 3. HP: 24/24 MP: 3/3
  1016 | D:2      | Noticed Ijyb
  1063 | D:2      | Killed Ijyb
  1063 | D:2      | Reached skill level 5 in Slings
  1156 | D:2      | Reached XP level 4. HP: 18/29 MP: 4/4
  1933 | D:3      | Found a shadowy altar of Dithmenos.
  2014 | D:3      | Reached XP level 5. HP: 25/34 MP: 5/5
  2031 | D:3      | Noticed an ogre
  2504 | D:4      | Found a white marble altar of Elyvilon.
  2529 | D:5      | Entered Level 5 of the Dungeon
  2557 | D:4      | Found an ancient bone altar of Kikubaaqudgha.
  2567 | D:4      | Found a sparkling altar of Nemelex Xobeh.
  2567 | D:4      | Found a glowing silver altar of Zin.
  2575 | D:4      | Found a blossoming altar of Fedhas.
  3014 | D:5      | Found an oddly glowing altar of Pakellas.
  3057 | D:6      | Noticed Prince Ribbit
  3185 | D:5      | Reached XP level 6. HP: 39/39 MP: 6/6
  3225 | D:4      | Shot with an arrow by a centaur

Vault maps used:
D:1:      sevenhm_arrival_forest_fort_small_4
D:2:      uniq_iyjb
D:3:      marbit_many_paths
D:4:      elyvilon_altar_4, lemuel_coloured_pillars_altar,
          okawaru_ov_weapons_minmay, bloody_trog, minitemple,
          kennysheep_mini_moat, uniq_robin
D:5:      lemuel_round_altar, first_bread
D:6:      kennysheep_orc_sif_temple, cheibrodos_ashenzari_chains,
          lemuel_temple_firewalk_marked, kennysheep_generic_room_3,
          uniq_prince_ribbit1, uniq_menkaure

Action                   |  1- 3 |  4- 6 || total
-------------------------+-------+-------++-------
Melee: Short sword       |    29 |    61 ||    90
 Fire: Hunting sling     |    50 |   104 ||   154
Throw: Stone             |       |     4 ||     4
       Tomahawk          |       |     4 ||     4
  Use: Scroll            |     7 |       ||     7
 Stab: Sleeping          |     2 |     9 ||    11
  Eat: Chunk             |       |     5 ||     5
       Beef jerky        |       |     1 ||     1
